 Dungeon Crawl Stone Soup version 0.18-a0-1721-gc4d1f22 (webtiles) character file.

108106 HeOfManyNames the Nimble (level 16, -4/130 HPs)
             Began as a Mummy Monk on Apr 9, 2016.
             Blown up by WereVolvo's ghost (71 damage)
             ... with an orb of destruction
             ... on level 12 of the Dungeon.
             The game lasted 03:11:25 (73955 turns).

HeOfManyNames the Nimble (Mummy Monk)              Turns: 73955, Time: 03:11:25

Health: -4/130     AC:  9    Str: 18    XL:     16   Next: 1%
Magic:  16/16      EV: 23    Int: 10    God:
Gold:   1710       SH: 15    Dex: 20    Spells: 0 memorised, 15 levels left

rFire  + + .     SeeInvis +       - Unarmed
rCold  . . .     Gourm    .     (no armour)
rNeg   + + +     Faith    .     H - +2 shield {rF+}
rPois  ∞         Spirit   .     I - +2 helmet {SInv}
rElec  .         Dismiss  .     i - +2 cloak
rCorr  .         Reflect  .     O - +2 pair of gloves {Str+3}
SustAt .         Harm     .     (no boots)
MR     ++...                    (no amulet)
Stlth  +++.......               C - ring of protection from fire {Major ward against fire}
                                w - ring of fire {Ward against fire}

@: very resistant to hostile enchantments, fairly stealthy
A: no food or potions, fire vulnerability, cold resistance 1, negative energy
resistance 3, torment resistance, unbreathing, in touch with death 1, restore
body
a: Self-Restoration


You were on level 12 of the Dungeon.
You were not hungry.

You visited 4 branches of the dungeon, and saw 26 of its levels.
You visited 1 bazaar.
You also visited: Labyrinth and Ice Cave.

You collected 2271 gold pieces.
You spent 561 gold pieces at shops.


Innate Abilities, Weirdness & Mutations

You do not eat or drink.
Your flesh is vulnerable to fire.
You are immune to poison.
Your flesh is cold resistant.
You are immune to negative energy.
You are immune to unholy pain and torment.
You can survive without breathing.
You are in touch with the powers of death.
You can restore your body by infusing magical energy.


   Skills:
 - Level 13.1 Fighting
 - Level 13.2 Dodging
 - Level 5.8 Stealth
 + Level 11.5 Shields
 - Level 13.0 Unarmed Combat


You had 15 spell levels left.
You didn't know any spells.

Inventory:

Hand Weapons
 q - a +0 giant club {Og's}
 v - a +4 flail of holy wrath {Ed's}
 y - the +10 spear "Undertaker" {flame, MP-9 Dex+6, Wormbounty, unknown}

   It has been specially enchanted to burn those struck by it, causing extra
   injury to most foes and up to half again as much damage against particularly
   susceptible opponents.
   It affects your dexterity (+6).
   It affects your magic capacity (-9).
 A - a +0 hunting sling {Jose's}
 B - a +0 spear {Grum's}
 F - a +2 demon blade of draining {Did not run}
 J - the +7 dagger "Ceigoamu" {venom, rElec MP+9 Dex+2, Minotaur, unknown}

   It poisons the flesh of those it strikes.
   It affects your dexterity (+2).
   It insulates you from electricity.
   It affects your magic capacity (+9).
 N - a +0 mace of protection {Blork's}
Missiles
 K - 26 large rocks (quivered) {=f}
Armour
 d - a +0 robe {Jessica's.}
 i - a +2 cloak (worn)
 s - a +0 animal skin {Skin}
 u - a troll hide {Tr}
 D - a +0 buckler {Foreboden}
 H - a +2 shield of fire resistance (worn)
 I - a +2 helmet of see invisible (worn)
 M - a +0 large shield
 O - a +2 pair of gloves of strength (worn)
Jewellery
 g - a +4 ring of strength
 h - an uncursed amulet of regeneration
 k - an uncursed amulet of the gourmand {unknown}
 l - a +4 ring of evasion {Neat}
 w - a ring of fire (left hand) {Ward against fire}
 x - an uncursed amulet of magic regeneration {unknown}
 C - a ring of protection from fire (right hand) {Major ward against fire}
 G - an uncursed ring of positive energy {Happy thoughts}
Scrolls
 a - 2 scrolls of immolation {!r}
 b - 9 scrolls of magic mapping
 c - a scroll of enchant armour
 e - 7 scrolls of enchant weapon
 j - 3 scrolls of fog
 m - 11 scrolls of remove curse
 n - a scroll of fear
 o - 2 scrolls of recharging
 p - 5 scrolls of random uselessness {Frogbane}
 r - 12 scrolls of teleportation {@r4}
 t - 4 scrolls of vulnerability {!r}
 z - 3 scrolls of noise {!r}
 E - 2 scrolls of amnesia
 L - 4 scrolls of identify {@r1}
Books
 f - a book of Party Tricks

   Spells                             Type                      Level
   a - Summon Butterflies             Summoning                    1
   b - Apportation                    Translocation                1
   c - Tukima's Dance                 Hexes                        3
   d - Alistair's Intoxication        Transmutation/Poison         5
   e - Invisibility                   Hexes                        6

Dungeon Overview and Level Annotations

Branches:
Dungeon (15/15)            Temple (0/1) D:7            Lair (8/8) D:11
  Swamp (0/4) Lair:6       Spider (0/4) Lair:4        Slime (0/6) Lair:6
    Orc (2/2) D:9             Elf (1/3) Orc:2        Vaults (0/5) D:13
 Depths: D:15

Altars:
Ashenzari
Cheibriados
Dithmenos
Fedhas
Kikubaaqudgha
Makhleb
Pakellas
Qazlal
Trog
Vehumet
Xom
Yredelemnul
The Shining One
Beogh

Shops:
D:8 *   D:12 (   D:13 (:%*   Orc:1 }*   Orc:2 ([:*   Elf:1 !

Annotations:
D:5 exclusions: downstairs and upstairs
D:6 exclusion: downstairs
D:7 exclusion: downstairs
D:8 Skelewarrior, exclusions: cyclops and 5 more exclusions
D:9 exclusion: door
D:10 exclusion: ogre, Nergalle
D:11 The hills, exclusion: upstairs
D:12 !No, exclusion: 3 doors, WereVolvo's ghost, journeyman DEFE
D:13 Birbs from the vine
D:14 exclusion: 2 downstairs
D:15 Snorg fell down, Snorg
Lair:1 exclusion: downstairs
Lair:2 exclusion: oklob plant
Lair:3 exclusions: downstairs, hydra and 23 more exclusions
Lair:4 !Distro sonja & wandering 4 legs , exclusion: downstairs, Sonja
Lair:5 exclusion: upstairs
Lair:6 exclusion: downstairs
Lair:7 !Maude, exclusion: 2 downstairs, Maud
Orc:2 Saint Roka

▒▒▒▒▒▒▒ ░░░░░░░░░░ ......▒▒▒
▒▒▒▒▒▒▒▒░▒▒.,,,,,,,░ ░ ..)>)...▒▒
▒.<....▒▒.'.,,,,,,,░ ░
......▒..▒▒▒......▒..▒,,,,,,,,░░░
..<...▒▒...'......'.▒░,,,,,,,,░,,
......▒▒▒▒▒▒......▒▒▒░,,,,,,░░░░,
.)....▒ ▒......▒ ░,,,,,,░,,,,
[.....▒ ▒▒▒▒▒M▒▒ ░,,,,,,░,░░░
▒▒▒▒▒▒▒ ▒#▒ ░░░░░'░░,░ ..▒ ▒#▒
░,░░░░ ▒'▒▒ ▒▒#▒ ░,░░░░ ...▒▒▒░
▒W.▒ ░,,░░░ ...'..▒░░▒░░░░▒#▒▒
░▒▒▒▒▒▒"░ ...▒▒...,....▒▒*▒▒▒
░.....▒░░ ░ ...▒░░▒▒░░░▒.....W▒▒▒
░.....▒,░░░ ...▒ ▒▒▒..▒*.[▒
░.....▒▒░░,


You could see a battlesphere and WereVolvo's ghost.


Message History

The magic dart hits you!!!
The BATTLESPHERE fires!!!
The barrage of energy hits you!!!
You barely miss WereVolvo's ghost!
WereVolvo's ghost is moderately damaged!
You are covered in liquid flames!!!
WereVolvo's ghost hits you!!!
You pummel WereVolvo's ghost like a punching bag!
WereVolvo's ghost is moderately damaged!
You are covered in liquid flames!!!
You block WereVolvo's ghost's attack!
You squash WereVolvo's ghost like an ant!
WereVolvo's ghost is moderately damaged!
You are covered in liquid flames!!!
You pound WereVolvo's ghost into fine dust!
WereVolvo's ghost is moderately damaged!
You are covered in liquid flames!!!
WereVolvo's ghost hits you!!!
You are covered in liquid flames!!!
You are covered in liquid flames!!!
You are covered in liquid flames!!! * * * don't die
* * * You are covered in liquid flames!!!
WereVolvo's ghost gestures at you while chanting!
The magic dart hits you!!!
WereVolvo's ghost shrieks, "You will never get the ORB!!!"
WereVolvo's ghost conjures a glowing orb!
An orb of destruction comes into view!
The orb of destruction hits you!!!
DANG rip

Action                   |  1- 3 |  4- 6 |  7- 9 | 10-12 | 13-15 | 16-18 || total
-------------------------+-------+-------+-------+-------+-------+-------++-------
Melee: Unarmed           |   115 |   249 |   644 |  1665 |  3854 |    34 ||  6561
  Use: Scroll            |       |     1 |     2 |    10 |    11 |       ||    24
 Stab: Sleeping          |     3 |     4 |     5 |    11 |    17 |       ||    40
       Distracted        |       |       |       |     2 |    20 |       ||    22

Vault maps used:
D:1:      dpeg_arrival_tiny_k
D:2:      lemuel_doored_altar, uniq_jessica
D:3:      bloody_trog, demons_altar, uniq_natasha, uniq_grinder
D:4:      first_bread, lemuel_another_geyser, uniq_edmund
D:5:      due_unseen_surprise
D:7:      minitemple, lemuel_crystal_altar, nicolae_overflow_hidden_temple,
          old_standard_altar, minmay_temple_entry_purple_smoke, grunt_ogre_cave,
          kennysheep_generic_room_14, uniq_pikel, uniq_menkaure
D:8:      kiku_gazebo_pond_becter, serial_shops,
          nicolae_shop_overgrown_old_shop, nicolae_benzene_ring
D:9:      grunt_temple_overflow_holy_war, kennysheep_mini_moat,
          zombieorc2_lemuel
D:10:     uniq_nergalle
D:11:     minmay_lair_entry_lava
D:12:     portal_ice_cave_entry_imps, serial_shops, shop,
          evilmike_surprise_oklob
D:13:     david_vaults_4, serial_shops,
          nicolae_shop_competitors_out_of_business, shop, shop,
          kennysheep_little_box, worms_lemuel, uniq_snorg
D:14:     serial_shops, bzr_entry_gold, st_stairs_7
D:15:     hangedman_depths_entry_try_elsewhere_first, serial_bayou_shore_b,
          serial_shops, shop
Lair:1:   uniq_joseph, uniq_grum
Lair:2:   basic_altar, st_stairs_3
Lair:3:   serial_forest, infiniplex_forest_straight_5,
          infiniplex_forest_clump_double, infiniplex_forest_clump_large,
          infiniplex_forest_lined_ring
Lair:4:   spider_nest_entry_funnel_web, serial_bayou_ford_a,
          serial_bayou_shore_a, uniq_sonja
Lair:6:   minmay_swamp_entry_swarm, minmay_slime_entry_eyes, grunt_megastairs_1,
          lemuel_fruit_tree, lemuel_fruit_fields
Lair:8:   grunt_lair_end_beastmaster, lab_entry_generic, uniq_maud
Orc:1:    serial_shops, shop, shop_fountains
Orc:2:    grunt_orc_cross
Elf:1:    serial_shops, shop, shop, shop, kennysheep_underground_church
Lab:      labyrinth_hidden_loot, nicolae_lab_grate, nicolae_lab_blocks
Bazaar:   bazaar_minmay_cross
IceCv:    ice_cave_statue_garden_02

Notes
Turn   | Place    | Note
--------------------------------------------------------------
     0 | D:1      | HeOfManyNames the Mummy Monk began the quest for the Orb.
     0 | D:1      | Reached XP level 1. HP: 18/18 MP: 1/1
   409 | D:1      | Reached XP level 2. HP: 24/24 MP: 2/2
  1035 | D:2      | Reached skill level 4 in Unarmed Combat
  1194 | D:2      | Reached XP level 3. HP: 17/29 MP: 3/3
  1232 | D:2      | Noticed Jessica
  1964 | D:2      | Killed Jessica
  1964 | D:2      | Reached XP level 4. HP: 33/35 MP: 4/4
  2009 | D:2      | Found a radiant altar of Vehumet.
  2012 | D:2      | Reached skill level 5 in Unarmed Combat
  2600 | D:3      | Noticed azaza322's ghost (amateur GrFi)
  2627 | D:3      | Noticed Grinder
  2645 | D:3      | Paralysed by Grinder for 5 turns
  2653 | D:3      | Paralysed by Grinder for 3 turns
  2940 | D:2      | Reached XP level 5. HP: 22/41 MP: 5/5
  3232 | D:3      | Found a bloodstained altar of Trog.
  3262 | D:3      | Paralysed by Grinder for 2 turns
  3275 | D:3      | Paralysed by Grinder for 3 turns
  3283 | D:3      | Killed Grinder
  3283 | D:3      | Reached skill level 5 in Fighting
  3283 | D:3      | Reached XP level 6. HP: 16/51 MP: 6/6
  3563 | D:3      | Noticed Natasha
  3584 | D:3      | Killed Natasha
  3705 | D:3      | Noticed Natasha
  3710 | D:3      | Killed Natasha
  4067 | D:3      | Noticed Natasha
  4080 | D:3      | Found a burning altar of Makhleb.
  4150 | D:4      | Reached skill level 3 in Dodging
  4296 | D:4      | Noticed Edmund
  5039 | D:4      | Killed Natasha
  5174 | D:4      | Reached XP level 7. HP: 52/56 MP: 7/7
  5326 | D:4      | Reached skill level 4 in Dodging
  5379 | D:5      | Entered Level 5 of the Dungeon
  6915 | D:5      | Reached skill level 6 in Unarmed Combat
  6915 | D:5      | Reached XP level 8. HP: 51/63 MP: 8/8
  7759 | D:5      | Reached skill level 7 in Unarmed Combat
  8251 | D:7      | Found a staircase to the Ecumenical Temple.
  8251 | D:7      | Noticed Pikel
  8337 | D:6      | Killed Pikel
  8337 | D:6      | Reached skill level 8 in Unarmed Combat
  8878 | D:6      | Reached skill level 6 in Fighting
  8978 | D:6      | Reached XP level 9. HP: 71/71 MP: 0/9
  9158 | D:6      | Reached skill level 7 in Fighting
  9570 | D:6      | Reached skill level 5 in Dodging
 10656 | D:7      | Reached skill level 6 in Dodging
 11294 | D:7      | Found a shimmering altar of Xom.
 11332 | D:7      | Found a shadowy altar of Dithmenos.
 11335 | D:7      | Found a snail-covered altar of Cheibriados.
 11379 | D:7      | Noticed Menkaure
 11519 | D:7      | Killed Menkaure
 12036 | D:6      | Reached skill level 8 in Fighting
 12275 | D:7      | Reached XP level 10. HP: 62/80 MP: 10/10
 12486 | D:7      | Found a stormy altar of Qazlal.
 12520 | D:7      | Found a shattered altar of Ashenzari.
 12547 | D:7      | Reached skill level 9 in Unarmed Combat
 12601 | D:7      | Reached skill level 7 in Dodging
 13082 | D:3      | Found a burning altar of Makhleb.
 13386 | D:3      | Killed azaza322's ghost
 13513 | D:3      | Killed Edmund
 13518 | D:3      | Found a bloodstained altar of Trog.
 14179 | D:8      | Noticed a cyclops
 14225 | D:8      | Found Abakagag's Assorted Antiques.
 14232 | D:8      | Bought a smoking helmet for 275 gold pieces
 14242 | D:8      | Identified the +2 helmet of Makhleb {+Inv Int+2} (You bought it in a shop on level 8 of the Dungeon)
 14491 | D:8      | Found an ancient bone altar of Kikubaaqudgha.
 14688 | D:8      | Reached skill level 9 in Fighting
 14871 | D:9      | Found an oddly glowing altar of Pakellas.
 15070 | D:8      | Reached skill level 8 in Dodging
 15494 | D:9      | Found a staircase to the Orcish Mines.
 16756 | D:8      | Reached skill level 10 in Unarmed Combat
 16756 | D:8      | Reached XP level 11. HP: 57/89 MP: 11/11
 16974 | D:9      | Found a glowing golden altar of the Shining One.
 16976 | D:9      | Noticed an angel
 16977 | D:9      | I wonder if I could die by just going in this
 16979 | D:9      | nope
 17075 | D:9      | Found a basalt altar of Yredelemnul.
 17077 | D:9      | Noticed a profane servitor
 17251 | D:10     | Entered Level 10 of the Dungeon
 17276 | D:10     | Noticed Nergalle
 17956 | D:10     | Reached skill level 10 in Fighting
 18254 | D:10     | Reached skill level 9 in Dodging
 19055 | D:11     | fffffuck fire
 19074 | D:11     | Found a staircase to the Lair.
 19342 | D:11     | Noticed a hill giant
 19819 | D:11     | Noticed a sun demon
 19819 | D:11     | oh god
 20479 | Lair:1   | Entered Level 1 of the Lair of Beasts
 20626 | Lair:1   | Reached skill level 2 in Stealth
 21170 | Lair:1   | Reached skill level 3 in Stealth
 21392 | Lair:1   | Noticed Joseph
 21399 | Lair:1   | do you hiss
 21405 | Lair:1   | yep
 21482 | Lair:1   | Killed Joseph
 21735 | Lair:1   | Noticed Grum
 21767 | Lair:1   | Reached skill level 4 in Stealth
 21790 | Lair:1   | Killed Grum
 22217 | Lair:2   | Found a blossoming altar of Fedhas.
 22391 | Lair:2   | Reached XP level 12. HP: 81/97 MP: 12/12
 22623 | Lair:2   | ok
 22623 | Lair:2   | well I always like to die in lair
 22624 | Lair:2   | HP: 1/97 [polar bear (15)]
 22628 | Lair:2   | hmm
 23429 | Lair:2   | Reached skill level 5 in Stealth
 24091 | Lair:2   | Reached skill level 10 in Dodging
 24895 | Lair:3   | Reached skill level 11 in Unarmed Combat
 25156 | Lair:3   | Noticed a six-headed hydra
 25617 | Lair:2   | auxilia
 25617 | Lair:2   | ugh
 26590 | Lair:3   | Reached skill level 11 in Fighting
 27048 | Lair:4   | Noticed a four-headed hydra
 27420 | Lair:4   | Found a hole to the Spider Nest.
 27421 | Lair:4   | oh good
 27421 | Lair:4   | spider
 27421 | Lair:4   | i love spider
 27442 | Lair:4   | Reached skill level 11 in Dodging
 27554 | Lair:4   | Noticed Sonja
 28389 | Lair:5   | Noticed a death yak
 28390 | Lair:5   | oh come ON
 28390 | Lair:5   | Noticed a death yak
 28390 | Lair:5   | Noticed a death yak
 28391 | Lair:5   | Noticed a death yak
 28393 | Lair:5   | Noticed a death yak
 28393 | Lair:5   | Noticed a death yak
 29315 | Lair:5   | Gained mutation: You are in touch with the powers of death. [Mummy growth]
 29315 | Lair:5   | Gained mutation: You can restore your body by infusing magical energy. [Mummy growth]
 29315 | Lair:5   | Reached XP level 13. HP: 40/106 MP: 13/13
 30336 | Lair:3   | okay that's kind of bullshit
 31242 | Lair:6   | oh no
 31242 | Lair:6   | nonononono
 31243 | Lair:6   | NO
 31294 | Lair:6   | Found a staircase to the Swamp.
 31548 | Lair:6   | it's not a mimic
 31574 | Lair:6   | Reached skill level 12 in Unarmed Combat
 31742 | Lair:6   | Found a staircase to the Slime Pits.
 32929 | Lair:6   | oh
 33261 | Lair:6   | Reached skill level 12 in Fighting
 35614 | Lair:6   | Found a staircase to the Slime Pits.
 36154 | Lair:7   | Reached skill level 12 in Dodging
 37947 | Lair:8   | Entered Level 8 of the Lair of Beasts
 37972 | Lair:8   | Noticed Maud
 38096 | Lair:8   | Found a labyrinth entrance.
 38105 | Lab      | Entered a labyrinth
 38196 | Lab      | Noticed a minotaur
 38467 | Lab      | oh dear.
 38625 | Lab      | Killed a minotaur
 38626 | Lab      | Yes.
 39009 | Lab      | Got a fine dagger
 40261 | Orc:1    | Entered Level 1 of the Orcish Mines
 40726 | D:9      | Reached XP level 14. HP: 84/115 MP: 14/14
 40985 | Orc:1    | Reached skill level 13 in Unarmed Combat
 41071 | Orc:1    | maybe it's too dangerous now
 41080 | Orc:1    | I mean orc high priests can fuck me up bad time
 41234 | D:12     | Found a frozen archway.
 41278 | D:12     | Found Haownadgh's Weapon Shoppe.
 41367 | IceCv    | Entered an ice cave
 41510 | IceCv    | tacticool
 41531 | IceCv    | shit
 41533 | IceCv    | ALRIGHT EVERYONE THAT WASN'T PART OF THE PLAN
 43650 | IceCv    | wow, fuck you.
 44065 | D:12     | Noticed WereVolvo's ghost (journeyman DEFE)
 44489 | D:13     | Found a gate to the Vaults.
 44886 | D:13     | oh god what
 44893 | D:13     | it's FAST?
 44893 | D:13     | WHY IS IT FAST
 44893 | D:13     | WHY IS IT ON LAND
 44921 | D:13     | Noticed Snorg
 44992 | D:11     | maybe it's fast on water
 44992 | D:11     | that's an error
 46331 | D:13     | Reached skill level 13 in Fighting
 46595 | D:13     | Found Rogaonye's Weapon Emporium.
 47222 | D:13     | Found Zuaxiwn's Food Shoppe.
 47513 | D:13     | Got a fine spear
 47536 | D:13     | Found Karhoss's Book Shop.
 47617 | D:13     | Found Seunioff's General Store.
 47625 | D:13     | Bought a scroll of teleportation for 48 gold pieces
 47625 | D:13     | Bought a scroll of immolation for 56 gold pieces
 47790 | D:14     | Found a flickering gateway to a bazaar.
 47866 | Bazaar   | Entered a bazaar
 47978 | Bazaar   | Found Fuet Ser's Gadget Boutique.
 47982 | Bazaar   | Found Rocudel's Armour Boutique.
 47982 | Bazaar   | Found Vucosoez's Gadget Boutique.
 47982 | Bazaar   | Found Suffiunk's Weapon Boutique.
 47990 | Bazaar   | great bazar
 47990 | Bazaar   | I rate it bazar/10
 48197 | D:14     | Reached skill level 13 in Dodging
 48225 | D:14     | ooh shield
 49224 | D:14     | Reached skill level 1 in Shields
 49678 | D:14     | oh f
 49679 | D:14     | seriously
 49679 | D:14     | it's got Mr 0
 49904 | D:13     | Reached skill level 2 in Shields
 50437 | D:14     | Reached skill level 3 in Shields
 50559 | D:14     | SHIELD
 50559 | D:14     | SHIIIIIIIIIIIIIEEEELD
 52136 | D:14     | please surrender your shield without fighting
 52254 | D:14     | shit.
 52516 | D:12     | Reached skill level 4 in Shields
 53356 | D:14     | oh god
 54228 | D:12     | Noticed kaze's ghost (journeyman DsBe)
 54308 | D:13     | Reached skill level 5 in Shields
 55001 | D:14     | gib shield pls
 55240 | D:14     | YES
 55240 | D:14     | Woorth it!
 55947 | D:14     | Reached skill level 6 in Shields
 56310 | D:11     | Reached XP level 15. HP: 59/123 MP: 15/15
 57617 | Lair:8   | Reached skill level 7 in Shields
 59799 | Lair:8   | Reached skill level 8 in Shields
 60801 | Lair:8   | Well, I can't die in lair now
 60801 | Lair:8   | I'd better die in orc
 60831 | Lair:7   | maybe I can still try
 60933 | Lair:7   | nope
 60961 | Lair:7   | oh wait
 61109 | Lair:7   | okay
 61109 | Lair:7   | that was a ton of damage
 61109 | Lair:7   | wow
 61109 | Lair:7   | alright
 62522 | Lair:5   | Reached skill level 9 in Shields
 63511 | Orc:1    | Found Ihega's General Store.
 63543 | Orc:1    | Bought a scroll of identify for 26 gold pieces
 63543 | Orc:1    | Bought a scroll of identify for 26 gold pieces
 63853 | Orc:1    | Found Icsexuw's Gadget Boutique.
 63994 | Orc:2    | Entered Level 2 of the Orcish Mines
 64235 | Orc:2    | Could be worse
 64235 | Orc:2    | I got the ogre end all the time
 65199 | Orc:2    | Noticed Blork the orc
 65261 | Orc:2    | Killed Blork the orc
 65489 | Orc:1    | Reached skill level 10 in Shields
 65665 | Orc:2    | Noticed Saint Roka
 65666 | Orc:2    | hello
 66522 | Orc:2    | Found a roughly hewn altar of Beogh.
 66803 | Orc:2    | Paralysed by an orc sorcerer for 4 turns
 66945 | Orc:2    | Roka will you please leave
 66950 | Orc:2    | Found Suukk's Antique Weapon Shop.
 66956 | Orc:2    | Found Cireles's Antique Armour Shop.
 67613 | Orc:2    | Bought a pair of runed gloves for 130 gold pieces
 67671 | Orc:2    | Found Angicuci's General Store.
 67797 | Orc:2    | Found a staircase to the Elven Halls.
 68049 | Orc:2    | Found Raareudgh's Book Shop.
 69017 | Elf:1    | Entered Level 1 of the Elven Halls
 69017 | Elf:1    | Found Imequrghi's Distillery.
 69333 | Orc:1    | well, orc and Lair clear
 70227 | D:13     | birbs
 70227 | D:13     | birbs on the vine
 70227 | D:13     | splatting so slow
 70227 | D:13     | brave birb boy
 70227 | D:13     | will splat so
 70678 | D:15     | Entered Level 15 of the Dungeon
 71463 | D:15     | Reached skill level 11 in Shields
 73105 | D:12     | Killed kaze's ghost
 73580 | D:12     | Found Haownadgh's Weapon Shoppe.
 73659 | D:12     | Reached XP level 16. HP: 105/130 MP: 16/16
 73955 | D:12     | Blown up by WereVolvo's ghost

Vanquished Creatures
  A dire elephant (D:14)
  A minotaur (Lab)
  The ghost of kaze the Protected, a journeyman DsBe of Trog (D:12)
  A catoblepas (Lair:7)
  6 hydras
  2 centaur warriors (D:13)
  A deep troll shaman (Lair:8)
  2 tengu warriors
  10 death yaks
  3 orc high priests
  A deep troll (D:13)
  5 skeletal warriors
  A sea snake (shapeshifter) (D:13)
  3 unseen horrors
  7 hill giants
  A deep troll (shapeshifter) (D:14)
  Pikel (D:6)
  4 orc knights
  A griffon (Lair:7)
  A hornet (D:12)
  4 ugly things (D:13)
  3 orc sorcerers (Orc:2)
  A salamander (shapeshifter) (D:14)
  A deep elf mage (D:12)
  A manticore (D:11)
  A faun (shapeshifter) (D:13)
  A wizard (D:13)
  12 elephants
  7 cyclopes
  3 ice statues (IceCv)
  An eye of devastation (Lair:6)
  6 black mambas
  Joseph (Lair:1)
  2 gargoyles (D:14)
  A torpor snail (Lair:6)
  14 spiny frogs
  3 rime drakes
  9 kobold demonologists
  9 komodo dragons
  A minotaur zombie (Lab)
  A tengu conjurer (D:13)
  2 jumping spiders (Lair:4)
  3 polar bears
  11 trolls
  Grinder (D:3)
  10 slime creatures
  18 blink frogs
  A boulder beetle (Lair:8)
  3 two-headed ogres
  A shadow (D:14)
  2 redbacks (Lab)
  A vampire (D:13)
  A wraith (D:14)
  32 orc warriors
  6 hungry ghosts
  7 wyverns
  65 yaks
  A hill giant zombie (D:9)
  Grum (Lair:1)
  13 hippogriffs
  7 basilisks
  9 vampire mosquitoes (Lair:6)
  A hippogriff (shapeshifter) (D:13)
  Menkaure (D:7)
  Edmund (D:3)
  2 mottled dragons
  4 wargs (Orc:1)
  7 swamp worms
  21 water moccasins
  17 porcupines
  2 hell hounds (D:11)
  8 ice beasts
  A phantom (D:11)
  A sky beast (D:6)
  5 black bears
  4 eyes of draining
  2 wasps
  3 slaves (D:7)
  33 wolves
  23 centaurs
  15 ogres
  The ghost of azaza322 the Shield-Bearer, an amateur GrFi (D:3)
  17 crocodiles
  Blork the orc (Orc:2)
  6 big kobolds
  23 giant frogs
  A wyvern zombie (D:13)
  A wyvern skeleton (D:8)
  13 scorpions
  9 killer bees
  2 howler monkeys
  12 crimson imps
  4 giant frog zombies
  4 jellies
  A centaur zombie (D:10)
  6 hounds
  A quasit (D:10)
  23 orc priests
  5 centaur skeletons
  A giant frog skeleton (D:6)
  3 iron imps (D:3)
  27 orc wizards
  Jessica (D:2)
  13 iguanas
  Natasha (thrice) (D:3 D:4)
  16 worker ants
  17 sheep
  7 ogre zombies (D:9)
  A killer bee zombie (D:10)
  A hound skeleton (D:8)
  A hound zombie (D:9)
  4 worker ant zombies
  14 gnolls
  23 adders
  49 river rats
  A shadow imp (D:11)
  12 white imps (D:12)
  An adder zombie (D:7)
  2 adder skeletons
  15 worms
  2 dart slugs (D:2)
  6 giant geckos
  93 orcs
  3 giant cockroaches
  5 goblins
  8 hobgoblins
  22 jackals
  2 quokkas
  2 ball pythons
  7 bats
  2 giant newts
  4 goblin skeletons (D:9)
  A goblin zombie (D:9)
  4 hobgoblin zombies (D:9)
  A jackal skeleton (D:7)
  31 kobolds
  2 orc skeletons (D:9)
  14 orc zombies (D:9)
  3 rats
  A butterfly (Lair:6)
  A plant (D:13)
1037 creatures vanquished.

Vanquished Creatures (others)
  A slave (D:7)
  4 bushes
  39 fungi
  28 plants
72 creatures vanquished.

Grand Total: 1109 creatures vanquished
